 Dungeon Crawl Stone Soup version 0.31-a0-210-gccc998df9b (webtiles) character file.

Game seed: 13867015017371552574

77107 Conn the Thaumaturge (level 15, -1/90 HPs)
             Began as an Octopode Fire Elementalist on June 29, 2023.
             Was an Elder of Sif Muna.
             Slain by a merfolk impaler
             ... wielding a +4 trident of protection
              (19 damage)
             ... on level 1 of the Shoals.
             The game lasted 01:28:22 (26835 turns).

Conn the Thaumaturge (Octopode Fire Elementalist)  Turns: 26835, Time: 01:28:22

Health: -1/90      AC:  7    Str: 10    XL:     15   Next: 55%
Magic:  12/51      EV: 21    Int: 36    God:    Sif Muna [****..]
Gold:   167        SH:  5    Dex: 22    Spells: 1/42 levels left

rFire   + + .        u - +6 rapier (protect)
rCold   . . .        (no shield)
rNeg    . . .        z - +2 hat "Gaink" {Rampage rPois Str+3 Slay-4}
rPois   +            Q - amulet of reflection
rElec   .            b - +5 ring of evasion
rCorr   .            X - +6 ring of intelligence
SInv    .            i - +4 ring of protection
Will    ++...        W - ring of magical power
Stlth   +++++        H - +6 ring of dexterity
HPRegen 0.35/turn    K - +6 ring of intelligence
MPRegen 0.32/turn    O - ring of the Imp {rF+ Will+ MP+9}
                     V - ring of protection from fire

%: reflection, clarity, rampage
@: very slightly contaminated
A: almost no armour, amphibious, 8 rings, camouflage 1, gelatinous body 1,
nimble swimmer 1, tentacles, agile 1, clarity, sense surroundings 1, wild magic
1
a: Renounce Religion, Channel Magic, Forget Spell, Divine Exegesis


You were on level 1 of the Shoals.
You worshipped Sif Muna.
Sif Muna was greatly pleased with you.
You visited 5 branches of the dungeon, and saw 21 of its levels.

You collected 2473 gold pieces.
You spent 2306 gold pieces at shops.

Inventory:

Hand Weapons
 l - a +2 spear of freezing
 q - a +4 heavy quarterstaff
 t - a +0 mace of protection
 u - a +6 rapier of protection (weapon)
 I - the +7 trident of Shame {flame, Contam Str+3 Int+3}
   (You bought it in a shop on level 6 of the Dungeon)

   Str:       It affects your strength (+3).
   Int:       It affects your intelligence (+3).
   Contam:    It causes magical contamination when unequipped.
 M - the +7 shortbow of the Jolly Eyes {speed, Fly Str-5 Dex+7}
   (You found it on level 1 of the Lair of Beasts)

   Str:       It affects your strength (-5).
   Dex:       It affects your dexterity (+7).
   Fly:       It grants you flight.
Missiles
 g - a curare-tipped dart
 w - 2 throwing nets
Armour
 j - an orb of energy
 z - the +2 hat "Gaink" (worn) {Rampage rPois Str+3 Slay-4}
   (You acquired it on level 9 of the Dungeon)

   Str:       It affects your strength (+3).
   Slay:      It affects your accuracy & damage with ranged weapons and melee
   (-4).
   rPois:     It protects you from poison.
   Rampage:   It bestows one free step when moving towards enemies.
Magical Staves
 J - a staff of poison
Jewellery
 b - a +5 ring of evasion (left tentacle)
 i - a +4 ring of protection (on tentacle)
 p - a ring of poison resistance
 E - a +6 ring of strength
 H - a +6 ring of dexterity (on tentacle)
 K - a +6 ring of intelligence (on tentacle)
 O - the ring of the Imp (on tentacle) {rF+ Will+ MP+9}
   (You bought it in a shop on level 2 of the Orcish Mines)

   [ring of magical power]

   rF:        It protects you from fire.
   MP:        It affects your magic capacity (+9).
   Will:      It increases your willpower.
 Q - an amulet of reflection (around mantle)
 V - a ring of protection from fire (on tentacle)
 W - a ring of magical power (on tentacle)
 X - a +6 ring of intelligence (right tentacle)
Wands
 c - a wand of digging (8)
 e - a wand of flame (11)
 n - a wand of quicksilver (3)
 o - a wand of iceblast (47)
 x - a wand of paralysis (6)
Scrolls
 d - a scroll of teleportation
 f - 2 scrolls of immolation
 k - a scroll of blinking
 y - a scroll of fog
 A - 3 scrolls of revelation
 D - 5 scrolls of vulnerability
 G - 3 scrolls of amnesia
 P - 2 scrolls of enchant armour
 S - 2 scrolls of poison
 U - 2 scrolls of identify
Potions
 a - 3 potions of magic
 h - 7 potions of curing
 m - 4 potions of brilliance
 r - 2 potions of haste
 s - a potion of berserk rage
 v - 3 potions of enlightenment
 B - a potion of resistance
 C - 2 potions of lignification
 F - 2 potions of cancellation
 L - 2 potions of might
 N - 2 potions of attraction
 T - a potion of mutation
 Y - 2 potions of ambrosia {unknown}


   Skills:
 + Level 4.1 Fighting
 + Level 4.5 Short Blades
 + Level 0.3 Polearms
 + Level 4.5 Dodging
 - Level 5.4 Stealth
 + Level 1.3 Shields
 * Level 14.3 Spellcasting
 * Level 12.0 Conjurations
 - Level 3.6 Hexes
 + Level 9.0 Summonings
 + Level 1.7 Translocations
 + Level 12.5 Fire Magic
 * Level 2.4 Ice Magic
 + Level 7.9 Invocations


You had one spell level left.
You knew the following spells:

 Your Spells              Type           Power      Damage    Failure   Level
a - Foxfire               Conj/Fire      100%       2x1d9     1%          1
b - Scorch                Fire           100%       2d9       1%          2
c - Inner Flame           Hex/Fire       83%        N/A       1%          3
d - Flame Wave            Conj/Fire      99%        2d21      1%          4
e - Summon Small Mammal   Summ           100%       N/A       1%          1
f - Call Canine Familiar  Summ           87%        N/A       1%          3
g - Summon Guardian Gole  Hex/Summ       75%        N/A       1%          3
h - Iskenderun's Mystic   Conj/Tloc      78%        2d16      1%          4
i - Starburst             Conj/Fire      49%        6d14      2%          6
j - Summon Cactus Giant   Summ           43%        N/A       9%          6
k - Fireball              Conj/Fire      49%        3d19      1%          5
l - Hailstorm             Conj/Ice       80%        3d16      1%          3

Your spell library contained the following spells:

 Spells                   Type           Power      Damage    Failure   Level
 Apportation              Tloc           100%       N/A       1%          1
 Magic Dart               Conj           100%       1d8       1%          1
 Necrotise                Necr           100%       1d9       3%          1
 Sting                    Tmut/Pois      100%       1d8       3%          1
 Momentum Strike          Conj/Tloc      100%       3d10      1%          2
 Ignite Poison            Fire/Tmut/Pois 64%        N/A       1%          3
 Stone Arrow              Conj/Erth      100%       3d13      1%          3
 Volatile Blastmotes      Fire/Tloc      100%       2d18      1%          3
 Fulminant Prism          Conj/Hex       41%        3d19      1%          4
 Sticky Flame             Conj/Fire      99%        2d11      1%          4
 Iskenderun's Battlesphe  Conj           98%        2d14      1%          5
 Lesser Beckoning         Tloc           100%       N/A       2%          2
 Tukima's Dance           Hex            61%        N/A       2%          3
 Portal Projectile        Hex/Tloc       100%       N/A       3%          3
 Poisonous Vapours        Pois/Air       66%        N/A       4%          2
 Gell's Gravitas          Tloc           50%        N/A       4%          3
 Teleport Other           Tloc           50%        N/A       4%          3
 Summon Mana Viper        Hex/Summ       75%        N/A       5%          5
 Arcjolt                  Conj/Air       37%        1d47      6%          5
 Summon Forest            Summ/Tloc      35%        N/A       7%          5
 Leda's Liquefaction      Hex/Erth       25%        N/A       11%         4
 Passage of Golubria      Tloc           50%        N/A       11%         4
 Orb of Destruction       Conj           49%        9d13      13%         7
 Olgreb's Toxic Radiance  Pois           33%        N/A       21%         4
 Spellforged Servitor     Conj/Summ      46%        N/A       22%         7
 Conjure Ball Lightning   Conj/Air       37%        3x3d12    26%         6
 Yara's Violent Unravell  Hex/Tmut       25%        3d11      28%         5
 Monstrous Menagerie      Summ           43%        N/A       38%         7
 Lee's Rapid Deconstruct  Erth           16%        3d10*     47%         5
 Ignition                 Fire           50%        3d14      58%         8
 Chain Lightning          Conj/Air       37%        3d49      100%        9


Dungeon Overview and Level Annotations

Branches:
Dungeon (12/15)            Temple (1/1) D:6            Lair (5/5) D:11
 Shoals (1/4) Lair:2        Snake (0/4) Lair:3        Slime (0/5) Lair:5
    Orc (2/2) D:11            Elf (0/3) Orc:2

Altars:
Ashenzari
Cheibriados
Dithmenos
Elyvilon
Gozag
Hepliaklqana
Makhleb
Nemelex Xobeh
Qazlal
Ru
Sif Muna
Trog
Uskayaw
Vehumet
Wu Jian
Xom
Yredelemnul
Jiyva
Lugonu

Shops:
D:2 !   D:3 :   D:4 *[   D:6 =[**   D:9 [   D:11 (   Orc:2 !=?[   Shoals:1 *

Portals:
Abyss: Lair:5 Shoals:1

Annotations:
Shoals:1 1 runed translucent door


Innate Abilities, Weirdness & Mutations

You cannot wear most types of armour.
You are amphibious.
You can wear up to eight rings at the same time.
Your skin changes colour to match your surroundings (Stealth+).
Your rubbery body absorbs attacks. (AC +1, EV +1)
You are camouflaged when in or above water. (Stealth+)
You have tentacles for arms and can constrict up to eight enemies at once.
You are agile. (Dex +4, Str/Int -1)
You possess an exceptional clarity of mind.
You passively map a small area around you.
Your spells are a little harder to cast, but a little more powerful.


Message History

You feel less invigorated.
The merfolk is engulfed in a cloud of scalding steam.
Floosh!
You fall into the shallow water.
The merfolk hits you from afar with a +0 trident.
The merfolk misses you.
You see here a human skeleton.
Casting: Scorch (safe; 1% risk of failure)
Confirm with . or Enter, or press ? or * to list all spells.
Casting: Starburst (dangerous; 2% risk of failure)
Press: ? - help, Dir - look around, f - activate You miscast Starburst.
You are very lightly contaminated with residual magic.
Nothing appears to happen.
The merfolk shouts!
Unknown command.
Casting: Starburst (dangerous; 2% risk of failure)
Confirm with . or Enter, or press ? or * to list all spells.
Casting: Starburst (dangerous; 2% risk of failure)
Press: ? - help, Dir - look around, f - activate The bolt of fire misses the merfolk impaler.
Sif Muna accepts your kill.
You hear a splash.
You feel a bit more experienced.
The merfolk impaler is engulfed in a cloud of scalding steam.
The merfolk impaler misses you.
Unknown command.
Unknown command.
Casting: Starburst (dangerous; 2% risk of failure)
Confirm with . or Enter, or press ? or * to list all spells.
Casting: Starburst (dangerous; 2% risk of failure)
Press: ? - help, Dir - look around, f - activate The bolt of fire hits the merfolk impaler!!
You kill the merfolk impaler!
Sif Muna accepts your kill.
You hear a splash. x2
The merfolk impaler hits you from afar with a +4 trident of protection!
* * * LOW HITPOINT WARNING * * *
The merfolk impaler hits you from afar with a +4 trident of protection!!
You die...

*~ ~ ~ ...........~~~
≈≈≈≈≈~~~...........~~~~~
~
≈≈≈≈≈≈≈≈≈≈≈§≈≈≈≈~....~~~
≈≈≈≈≈≈≈≈≈≈≈§≈§≈≈≈≈≈....~
≈≈≈≈≈≈≈≈≈≈≈≈≈§≈≈≈≈≈≈....
≈≈≈§≈≈≈≈≈≈≈≈≈≈≈≈≈≈≈≈....
~
≈≈≈§≈§§§≈§≈≈≈≈≈≈≈≈≈≈.)..
~≈≈≈≈≈≈§§§m§≈≈≈≈≈≈≈≈≈≈)..
≈≈≈≈~§§@§§§m~≈≈≈≈≈≈≈≈)).
≈≈≈~m#######~~≈≈≈≈≈≈≈...
≈≈~~##mmm..##~~≈≈≈≈)≈...
≈≈~##.......##.≈≈≈≈≈≈...
≈≈~#.........#.≈≈≈≈≈≈...
≈≈~#...##+...#~≈≈≈≈≈≈...
~≈≈/#...#○#...#~≈≈≈≈≈≈...
≈≈~#...###...#~≈≈≈≈)≈...
≈.#m.÷......#.≈§≈≈≈≈...


You could see a merfolk avatar, a merfolk impaler and 3 merfolk.

Vanquished Creatures
  4 krakens (Shoals:1)
  2 merfolk javelineers (Shoals:1)
  2 merfolk impalers (Shoals:1)
  5 hydras
  2 merfolk avatars (Shoals:1)
  5 two-headed ogres
  2 merfolk aquamancers (Shoals:1)
  2 tengu warriors
  8 death yaks
  3 thrashing horrors (Lair:5)
  2 boulder beetles
  3 orc high priests (Orc:2)
  2 skysharks (Shoals:1)
  Lodul (D:11)
  A sea snake (Shoals:1)
  2 large abominations (Lair:5)
  3 orc knights (Orc:2)
  3 harpies (Shoals:1)
  A lindwurm (Lair:5)
  3 oklob plants (Lair:5)
  An ugly thing (Lair:5)
  5 orc sorcerers
  A wizard (D:9)
  A manticore (Shoals:1)
  4 elephants (Lair:4)
  A merfolk siren (Shoals:1)
  A torpor snail (D:11)
  7 cane toads
  3 rime drakes
  8 komodo dragons
  2 ancient zymes (Lair:5)
  A merfolk (shapeshifter) (Lair:5)
  12 merfolk (Shoals:1)
  A hornet (D:10)
  4 trolls
  2 wind drakes (Shoals:1)
  A polar bear (Lair:3)
  The ghost of flt the Changer, an amateur DgTm (D:5)
  18 blink frogs
  Sigmund (D:6)
  3 ynoxinuls (Lair:5)
  A vampire (D:9)
  2 wraiths (D:11)
  2 spriggans (Lair:5)
  A water elemental (Shoals:1)
  Eustachio (D:5)
  7 wyverns
  5 basilisks
  26 yaks
  2 chaos spawn (Lair:5)
  2 steam dragons
  2 wargs
  14 vampire mosquitoes
  3 nagas (Lair:3)
  Duvessa (D:7)
  9 water moccasins
  18 orc warriors
  An ice beast (D:4)
  2 black bears
  7 wolves
  8 ogres
  8 centaurs
  5 kobold brigands
  A gnoll sergeant (D:10)
  19 bullfrogs
  3 scorpions
  10 wights
  Dowan (D:7)
  A vampire bat (Orc:1)
  4 howler monkeys
  6 electric eels
  7 hounds
  14 small abominations (Lair:5)
  4 jellies
  13 orc priests
  Crazy Yiuf (D:4)
  4 gnoll boudas
  A sleepcap (D:6)
  Jessica (D:3)
  An iguana (D:5)
  22 orc wizards
  Robin (D:4)
  24 gnolls
  7 adders
  A shadow imp (D:8)
  A white imp (D:7)
  2 dart slugs (D:2)
  67 orcs
  4 ball pythons
  18 bats
  8 endoplasms
  4 giant cockroaches
  19 goblins
  7 hobgoblins
  4 jackals (D:1)
  31 kobolds
  5 quokkas
  2 frilled lizards (D:3)
  9 rats
  2 butterflies (Lair:3)
  10 tentacles (Shoals:1)
600 creatures vanquished.

Vanquished Creatures (collateral kills)
  Gastronok (Lair:3)
  Aizul (Shoals:1)
  A hydra (Lair:4)
  2 ugly things
  A cyclops (Orc:2)
  2 cane toads
  An orc (Orc:1)
  5 foxfires
14 creatures vanquished.

Vanquished Creatures (others)
  A two-headed ogre (D:9)
  Urug (Orc:1)
  An orc knight (Orc:2)
  2 trolls
  A vampire (D:10)
  A steam dragon (D:9)
  A naga (Lair:3)
  An orc warrior (Orc:2)
  3 orc priests
  An orc wizard (D:11)
  4 orcs
  A bat (Orc:1)
  1325 foxfires
  2 lurking horrors (Shoals:1)
  2 snaplasher vines (Lair:4)
  22 tentacles (Shoals:1)
1369 creatures vanquished.

Grand Total: 1983 creatures vanquished

Notes
Turn   | Place    | Note
-------+----------+-------------------------------------------
     0 | D:1      | Conn the Octopode Fire Elementalist began the quest for the
                  | Orb.
     0 | D:1      | Reached XP level 1. HP: 11/11 MP: 3/3
   110 | D:1      | Reached XP level 2. HP: 9/17 MP: 0/5
   636 | D:1      | Learned a level 2 spell: Scorch
   975 | D:1      | Found a faded altar of an unknown god.
  1040 | D:1      | Reached XP level 3. HP: 21/21 MP: 2/6
  1776 | D:2      | Reached XP level 4. HP: 27/27 MP: 7/7
  2055 | D:2      | Found Kod Ell's Distillery.
  2343 | D:3      | Reached skill level 5 in Stealth
  2343 | D:3      | Reached XP level 5. HP: 32/32 MP: 4/8
  2360 | D:3      | Found Dollogei's Book Boutique.
  2580 | D:3      | Noticed Jessica
  2584 | D:3      | Killed Jessica
  2590 | D:3      | Got Jessica's Volume of Angles
  2659 | D:3      | Found a broken altar of Ashenzari.
  2724 | D:3      | Found a white marble altar of Elyvilon.
  2752 | D:3      | Reached skill level 3 in Spellcasting
  3069 | D:4      | Noticed a black bear
  3076 | D:4      | Killed a black bear
  3077 | D:4      | Reached XP level 6. HP: 37/37 MP: 3/11
  3082 | D:4      | Noticed Robin
  3177 | D:4      | Killed Robin
  3232 | D:4      | Noticed an ice beast
  3240 | D:4      | Killed an ice beast
  3241 | D:4      | Reached skill level 1 in Fighting
  3241 | D:4      | Reached XP level 7. HP: 30/43 MP: 0/12
  3505 | D:4      | Found Zuef's Assorted Antiques.
  3513 | D:4      | Bought a notched opal ring for 135 gold pieces
  3571 | D:4      | Learned a level 3 spell: Inner Flame
  3576 | D:4      | Learned a level 4 spell: Flame Wave
  3578 | D:4      | Learned a level 1 spell: Summon Small Mammal
  3610 | D:4      | Found Suatz's Antique Armour Boutique.
  3628 | D:4      | Found a shadowy altar of Dithmenos.
  3929 | D:4      | Reached skill level 4 in Spellcasting
  4327 | D:4      | Found a runed translucent door.
  4328 | D:4      | Noticed Crazy Yiuf
  4335 | D:4      | Killed Crazy Yiuf
  4336 | D:4      | Reached skill level 5 in Fire Magic
  4423 | D:5      | Entered Level 5 of the Dungeon
  4431 | D:5      | Found a runed translucent door.
  4431 | D:5      | Noticed flt's ghost (amateur DgTm)
  4587 | D:5      | Noticed Eustachio
  4598 | D:5      | Killed Eustachio
  4721 | D:5      | Reached XP level 8. HP: 39/48 MP: 15/15
  4830 | D:5      | Learned a level 3 spell: Call Canine Familiar
  4846 | D:5      | Killed flt's ghost
  4847 | D:5      | Reached skill level 5 in Spellcasting
  5080 | D:5      | Found a shimmering altar of Xom.
  5204 | D:5      | Reached skill level 1 in Hexes
  5235 | D:5      | Found a burning altar of Makhleb.
  5531 | D:6      | Found Rolohut's Armour Shop.
  5531 | D:6      | Found Dihyale's Assorted Antiques.
  5533 | D:6      | Found Doacvoir's Jewellery Shop.
  5533 | D:6      | Found Gume's Assorted Antiques.
  5583 | D:6      | Reached skill level 6 in Spellcasting
  5643 | D:6      | Noticed Sigmund
  5649 | D:6      | Killed Sigmund
  5652 | D:6      | Reached skill level 5 in Conjurations
  5652 | D:6      | Reached XP level 9. HP: 44/54 MP: 7/18
  5784 | D:6      | Found a staircase to the Ecumenical Temple.
  5793 | Temple   | Entered the Ecumenical Temple
  5806 | Temple   | Became a worshipper of Sif Muna the Loreminder
  5839 | D:6      | Reached skill level 1 in Short Blades
  5858 | D:6      | Gained mutation: You are frail. (-10% HP) [potion of
                  | mutation]
  5859 | D:6      | Lost mutation: You are frail. (-10% HP) [potion of
                  | mutation]
  5859 | D:6      | Gained mutation: You are agile. (Dex +4, Str/Int -1)
                  | [potion of mutation]
  5859 | D:6      | Gained mutation: You passively map a small area around you.
                  | [potion of mutation]
  5859 | D:6      | Gained mutation: Your spells are a little harder to cast,
                  | but a little more powerful. [potion of mutation]
  5859 | D:6      | Gained mutation: You possess an exceptional clarity of
                  | mind. [potion of mutation]
  5906 | D:6      | Found a sparkling altar of Nemelex Xobeh.
  6238 | D:6      | Found a sacrificial altar of Ru.
  6584 | D:7      | Reached skill level 7 in Spellcasting
  6874 | D:7      | Noticed Dowan
  6883 | D:7      | Noticed Duvessa
  7452 | D:7      | Killed Duvessa
  7455 | D:7      | Killed Dowan
  7899 | D:8      | Reached skill level 8 in Spellcasting
  7899 | D:8      | Reached * piety under Sif Muna
  8050 | D:8      | Found Raykhy's Armour Shoppe.
  8164 | D:8      | Identified the +0 robe of Fehoigyu {rElec Str+3}
  8200 | D:8      | Reached XP level 10. HP: 50/61 MP: 15/22
  8328 | D:8      | Found a hazy altar of Hepliaklqana.
  8330 | D:8      | Found a snail-covered altar of Cheibriados.
  8335 | D:8      | Found a hide-covered altar of Uskayaw.
  8421 | D:8      | Learned a level 3 spell: Summon Guardian Golem
  8462 | D:8      | Found a basalt altar of Yredelemnul.
  8735 | D:9      | Reached skill level 1 in Invocations
  8749 | D:9      | Noticed a two-headed ogre
  8758 | D:9      | Killed a two-headed ogre
  8758 | D:9      | Reached ** piety under Sif Muna
  8759 | D:9      | Reached skill level 1 in Summonings
  8760 | D:9      | Reached skill level 9 in Spellcasting
  9111 | D:9      | Identified a scroll of acquirement
  9111 | D:9      | Acquired the +2 hat "Gaink" {Rampage rPois Str+3 Slay-4}
  9573 | D:9      | Found an opulent altar of Gozag.
  9689 | D:9      | Found Wenimei's Armour Emporium.
  9745 | D:9      | Found a bloodstained altar of Trog.
  9835 | D:9      | Noticed a wizard
  9840 | D:9      | Killed a wizard
 10278 | D:10     | Entered Level 10 of the Dungeon
 10312 | D:10     | Reached XP level 11. HP: 22/65 MP: 4/24
 10858 | D:10     | Reached *** piety under Sif Muna
 11026 | D:10     | Noticed a two-headed ogre
 11037 | D:10     | Killed a two-headed ogre
 11598 | D:11     | Found a staircase to the Lair.
 11763 | D:11     | Noticed a tengu warrior
 11841 | D:11     | Killed a tengu warrior
 11842 | D:11     | Reached skill level 10 in Spellcasting
 12024 | D:11     | Reached skill level 5 in Invocations
 12141 | D:11     | Noticed Lodul
 12160 | D:11     | Killed Lodul
 12452 | D:11     | Noticed a boulder beetle
 12461 | D:11     | Noticed a skeletal warrior
 12461 | D:11     | Noticed a skeletal warrior
 12754 | D:11     | Killed a boulder beetle
 12754 | D:11     | Reached **** piety under Sif Muna
 12801 | D:11     | Reached XP level 12. HP: 46/72 MP: 14/26
 13071 | D:11     | Found a staircase to the Orcish Mines.
 13204 | D:11     | Found Vauwn's Antique Weapon Boutique.
 13413 | D:6      | Bought a silver ring for 155 gold pieces
 13413 | D:6      | Bought a crystal trident for 263 gold pieces
 13413 | D:6      | Identified the +7 trident of Shame {flame, Contam Str+3
                  | Int+3} (You bought it in a shop on level 6 of the Dungeon)
 13418 | D:6      | Bought a long jewelled staff for 336 gold pieces
 13422 | D:6      | Bought a +6 ring of intelligence for 504 gold pieces
 13535 | Orc:1    | Entered Level 1 of the Orcish Mines
 13541 | Orc:1    | Noticed a two-headed ogre
 13548 | Orc:1    | Killed a two-headed ogre
 13549 | Orc:1    | Reached skill level 5 in Summonings
 13593 | Orc:1    | Noticed Urug
 13728 | Orc:1    | Killed Urug
 14184 | Orc:1    | Reached ***** piety under Sif Muna
 14184 | Orc:1    | Received a gift from Sif Muna
 14191 | Orc:1    | Learned a level 4 spell: Iskenderun's Mystic Blast
 14497 | Orc:2    | Entered Level 2 of the Orcish Mines
 14498 | Orc:2    | Found a staircase to the Elven Halls.
 14923 | Orc:2    | Noticed an orc high priest
 14929 | Orc:2    | Killed an orc high priest
 15076 | Orc:2    | Noticed an orc high priest
 15180 | Orc:2    | Killed an orc high priest
 15181 | Orc:2    | Reached skill level 10 in Fire Magic
 15185 | Orc:2    | Reached skill level 11 in Spellcasting
 15189 | Orc:2    | Noticed an orc high priest
 15338 | Orc:2    | Found Afoawn's Armour Boutique.
 15338 | Orc:2    | Found Atojin's Distillery.
 15338 | Orc:2    | Found Ranu's Magic Scroll Boutique.
 15338 | Orc:2    | Found Famen's Jewellery Shoppe.
 15368 | Orc:2    | Noticed a sun demon
 15479 | Orc:2    | Noticed a two-headed ogre
 15485 | Orc:2    | Killed a two-headed ogre
 15935 | Orc:2    | Reached XP level 13. HP: 78/78 MP: 17/28
 16725 | D:12     | Noticed a yaktaur captain
 16729 | D:12     | Noticed a crystal guardian
 16820 | Lair:1   | Entered Level 1 of the Lair of Beasts
 16842 | Lair:1   | Reached skill level 1 in Translocations
 17059 | D:11     | Learned a level 5 spell: Summon Forest
 17428 | Lair:1   | Identified the +7 shortbow of the Jolly Eyes {speed, Fly
                  | Str-5 Dex+7}
 18302 | Orc:2    | Bought the ring of the Imp {rF+ Will+ MP+9} for 633 gold
                  | pieces
 18454 | Lair:2   | Reached skill level 12 in Spellcasting
 18712 | Lair:2   | Reached skill level 10 in Conjurations
 18903 | Lair:2   | Found a staircase to the Shoals.
 19310 | Lair:3   | Received a gift from Sif Muna
 19311 | Lair:3   | Got Sif Muna's Discourse on the Coruscating Congregation
                  | {god gift}
 19661 | Lair:3   | Learned a level 6 spell: Summon Cactus Giant
 19662 | Lair:3   | Found a staircase to the Snake Pit.
 19690 | Lair:3   | Noticed Gastronok
 19701 | Lair:3   | Killed Gastronok
 20029 | Lair:3   | Reached XP level 14. HP: 83/83 MP: 30/30
 21879 | Lair:5   | Entered Level 5 of the Lair of Beasts
 22394 | Lair:5   | Received a gift from Sif Muna
 22411 | Lair:5   | Reached skill level 13 in Spellcasting
 22592 | Lair:5   | Got Sif Muna's Directory of Scorching Battling {god gift}
 22599 | Lair:5   | Learned a level 5 spell: Fireball
 22607 | Lair:5   | Learned a level 6 spell: Starburst
 23620 | Lair:5   | Reached skill level 1 in Shields
 23820 | Lair:5   | Found a one-way gate to the infinite horrors of the Abyss.
 23820 | Lair:5   | Found a corrupted altar of Lugonu.
 24418 | Lair:5   | Identified the +1 helmet of the Hall of Blades {rF+ Regen+
                  | Dex+3}
 24544 | Lair:5   | Found a viscous altar of Jiyva.
 24719 | Lair:5   | Reached XP level 15. HP: 90/90 MP: 31/32
 24727 | Lair:5   | Found a staircase to the Slime Pits.
 24996 | D:6      | Bought a ring of magical power for 280 gold pieces
 25121 | Shoals:1 | Entered Level 1 of the Shoals
 25341 | Shoals:1 | Found a corrupted altar of Lugonu.
 25355 | Shoals:1 | Learned a level 3 spell: Hailstorm
 25453 | Shoals:1 | Found Vamario's Mass Market.
 25530 | Shoals:1 | Noticed Aizul
 25543 | Shoals:1 | Killed Aizul
 25884 | Shoals:1 | Reached skill level 1 in Ice Magic
 26218 | Shoals:1 | Noticed a kraken
 26227 | Shoals:1 | Noticed a kraken
 26387 | Shoals:1 | Killed a kraken
 26394 | Shoals:1 | Noticed a kraken
 26435 | Shoals:1 | Killed a kraken
 26436 | Shoals:1 | Reached skill level 14 in Spellcasting
 26667 | Shoals:1 | Killed a kraken
 26773 | Shoals:1 | Found a runed translucent door.
 26785 | Shoals:1 | Noticed a kraken
 26790 | Shoals:1 | Killed a kraken
 26835 | Shoals:1 | Slain by a merfolk impaler

Illustrated notes

Levels and vault maps discovered:
D:1:      wander_arrival_desolate, layout_basic,
          chequers_ecumenical_altar_twisty, minmay_misc_feat_encased
D:2:      layout_loops_cross, serial_shops, nicolae_shop_industrial_runoff,
          nicolae_underground_beach
D:3:      cheibrodos_old_hovel, layout_basic, elyvilon_altar_3,
          lemuel_crystal_altar, serial_shops, shop, kennysheep_jessica_study
D:4:      layout_basic, mainiacjoe_overflow_boulevard, serial_shops,
          nicolae_shop_advertising_works [nicolae_subvault_shop_adworks],
          kennysheep_little_box, uniq_robin, uniq_crazy_yiuf_cottage
D:5:      layout_basic, overflow_temple_1_default,
          nicolae_overflow_hidden_temple, gammafunk_ghost_grave, uniq_eustachio,
          uniq_prince_ribbit1
D:6:      layout_loops_cross, mainiacjoe_overflow_alcove_2,
          mainiacjoe_overflow_small_starburst, minmay_temple_entry_antechambers,
          minmay_shop_grid_forest, grunt_decor_clamped, minmay_crossroads,
          uniq_sigmund
D:7:      layout_basic, uniq_duvessa
D:8:      layout_rooms, mainiacjoe_overflow_paths, minitemple, serial_shops,
          shop, kennysheep_generic_room_7
D:9:      minmay_goldmine, layout_gridville, trog_wizard, kennysheep_mini,
          serial_shops, shop_statue, minmay_crystal_room,
          minmay_increasing_density
D:10:     layout_basic
D:11:     layout_roguey, erik_lair_island, erik_orc_2, serial_shops,
          nicolae_stop_n_shop_1, lemuel_flamethrower_2, uniq_lodul
D:12:     layout_irregular_city, nicolae_rejected_hall
Temple:   nicolae_temple_bog_church
Lair:1:   layout_misc_corridors, serial_bayou_ford_a,
          chequers_serial_rivers_room_b, chequers_serial_rivers_micro_e,
          beast_lair_carwin_7
Lair:2:   layout_gridlike, minmay_shoals_entry_centaurs, serial_bayou_crossing,
          infiniplex_staircase_pool_2, lemuel_fruit_fields
Lair:3:   layout_long_grid, minmay_snake_entry_guardpost_small,
          chequers_serial_rivers_small_3, lemuel_fruit_fields,
          grunt_megastairs_4, uniq_gastronok
Lair:4:   layout_gridlike
Lair:5:   hellmonk_lair_end_abyssal_woods, layout_gridlike,
          minmay_slime_entry_oklob_enclosed
Shoals:1: nicolae_shoals_lighthouse, layout_shoals, minmay_shop_mass,
          amcnicky_altar_lugonu_corruption, uniq_aizul
Orc:1:    layout_caves, roderic_batcave, uniq_urug
Orc:2:    grunt_orc_tribal_feast, layout_caves, mines_bat_river

Skill      XL: |  1  2  3  4  5  6  7  8  9 10 11 12 13 14 15 |
---------------+----------------------------------------------+-----
Stealth        | 3 4 5 |  5.4
Fire Magic     | 4 5 6 7 8 9 10 11 12 | 12.5
Spellcasting   | 3 4 6 8 9 10 11 12 13 14 | 14.3
Conjurations   | 2 3 4 5 6 7 9 10 11 12 | 12.0
Fighting       | 1 2 3 4 |  4.1
Hexes          | 1 2 3 |  3.6
Short Blades   | 2 3 4 |  4.5
Dodging        | 3 4 |  4.5
Invocations    | 3 5 7 |  7.9
Summonings     | 2 4 6 7 8 9 |  9.0
Translocations | 1 |  1.7
Shields        | 1 |  1.3
Ice Magic      | 2 |  2.4
Polearms       | |  0.3

Action                     |  1- 3 |  4- 6 |  7- 9 | 10-12 | 13-15 || total
---------------------------+-------+-------+-------+-------+-------++-------
  Melee: Unarmed           |     9 |       |       |       |       ||     9
         Tentacles         |     4 |     5 |    11 |    22 |    48 ||    90
         Constrict         |     8 |     4 |    12 |    17 |    21 ||    62
         Dagger            |    19 |     7 |       |       |       ||    26
         Punch             |     1 |       |     2 |     1 |     1 ||     5
         Spear             |       |    16 |    12 |       |       ||    28
         Rapier            |       |       |    42 |    91 |   146 ||   279
   Cast: Foxfire           |    48 |    73 |   128 |   295 |   204 ||   748
         Scorch            |       |     9 |    31 |    75 |    91 ||   206
         Inner Flame       |       |       |     8 |    29 |    19 ||    56
         Flame Wave        |       |       |     7 |    33 |    44 ||    84
         Summon Small Mamm |       |       |     2 |     5 |     7 ||    14
         Call Canine Famil |       |       |     1 |    10 |     9 ||    20
         Summon Guardian G |       |       |       |    19 |    10 ||    29
         Iskenderun's Myst |       |       |       |     6 |    35 ||    41
         Summon Cactus Gia |       |       |       |       |     5 ||     5
         Starburst         |       |       |       |       |    55 ||    55
         Fireball          |       |       |       |       |    21 ||    21
         Summon Forest     |       |       |       |       |     3 ||     3
 Invoke: Channel Magic     |       |       |       |     2 |     4 ||     6
         Forget Spell      |       |       |       |       |     1 ||     1
  Evoke: Wand              |       |       |       |       |     1 ||     1
    Use: Scroll            |       |     5 |     4 |    12 |     8 ||    29
         Potion            |       |       |     7 |       |    12 ||    19
   Stab: Sleeping          |     6 |     4 |     4 |     7 |    15 ||    36
         Distracted        |       |       |       |     1 |       ||     1
         Paralysed         |       |       |       |       |     1 ||     1
 Armour: Skin              |     4 |     1 |     2 |    33 |    51 ||    91
  Dodge: Dodged            |    16 |    21 |    73 |   178 |   245 ||   533
  Block: Other             |       |       |       |       |    43 ||    43
         Reflection        |       |       |       |       |     4 ||     4

Table legend: (Time is in decaauts)
 A = Elapsed time spent in this place.
 B = Non-inter-level travel time spent in this place.
 C = Inter-level travel time spent in this place.
 D = Time resting spent in this place.
 E = Time spent auto-exploring this place.
 F = Levels seen in this place.
 G = Mean time per level.
                   A        B        C        D        E       F      G
               +--------+--------+--------+--------+--------+-----+--------+
         Total |  26875 |  25728 |   1147 |   1659 |  18109 |  21 | 1279.8 |
       Dungeon |  14864 |  14065 |    799 |    809 |  10007 |  12 | 1238.7 |
        Temple |     28 |     28 |      0 |      0 |      0 |   1 |   28.0 |
          Lair |   7610 |   7370 |    240 |    510 |   5255 |   5 | 1522.0 |
        Shoals |   1640 |   1640 |      0 |      0 |   1300 |   1 | 1640.0 |
  Orcish Mines |   2731 |   2624 |    107 |    340 |   1547 |   2 | 1365.5 |
               +--------+--------+--------+--------+--------+-----+--------+

Top non-repeatable levels by time:
    D:11: 2813 daAuts
  Lair:5: 2783 daAuts
     D:9: 1720 daAuts
Shoals:1: 1640 daAuts
     D:7: 1548 daAuts
   Orc:2: 1492 daAuts
  Lair:4: 1395 daAuts
     D:4: 1341 daAuts
     D:1: 1322 daAuts
  Lair:3: 1280 daAuts
    D:10: 1244 daAuts
   Orc:1: 1239 daAuts
     D:6: 1126 daAuts
  Lair:2: 1099 daAuts
  Lair:1: 1051 daAuts
